 Dungeon Sprint DCSS version 0.28.0-43-g3370ac3207 (webtiles) character file.

Game seed: 3134365718023596818

112 boopmooplesden the Skirmisher (level 4, 0/48 HPs)
             Began as a Minotaur Berserker on Mar 31, 2022.
             Was a Follower of Trog.
             Slain by Sigmund
             ... wielding a +0 scythe
              (9 damage)
             ... in the Dungeon (Sprint I: "Red Sonja").
             The game lasted 00:00:41 (454 turns).

boopmooplesden the Skirmisher (Minotaur Berserker)   Turns: 454, Time: 00:00:42

Health: 0/48       AC:  7    Str: 22    XL:     4   Next: 63%
Magic:  3/3        EV: 20    Int:  4    God:    Trog [*.....]
Gold:   54         SH:  0    Dex: 11    Spells: 3/3 levels left

rFire   + + .      SeeInvis .   (weapon currently unavailable)
rCold   + + .      Faith    .   (shield currently unavailable)
rNeg    + + +      Spirit   .   (armour currently unavailable)
rPois   ∞          Reflect  .   (helmet currently unavailable)
rElec   +          Harm     .   (cloak currently unavailable)
rCorr   +          Rampage  .   (gloves currently unavailable)
Will    .....      NoTele   +   (boots currently unavailable)
Stlth   +.........              (amulet currently unavailable)
HPRegen 0.16/turn               (ring currently unavailable)
MPRegen 0.08/turn               (ring currently unavailable)

@: wisp-form, on berserk cooldown, flying, hasted and slowed
A: insubstantial, flying, no casting, tiny, (horns 2), (retaliatory headbutt)
a: Renounce Religion, Berserk


You were in the Dungeon.
You worshipped Trog.
Trog was aware of your devotion.
You were an insubstantial wisp.
You visited 1 branch You collected 54 gold pieces.

Inventory:

Hand Weapons
 a - a +0 falchion (melded)
Armour
 b - a +0 animal skin
 j - a +0 leather armour (melded)
Wands
 i - a wand of polymorph (4)
Scrolls
 h - a scroll of blinking
Potions
 f - 2 potions of magic
 g - a potion of berserk rage


   Skills:
 + Level 7.8 Fighting
 + Level 7.7 Long Blades
 + Level 4.4 Armour
 + Level 4.0 Dodging
 + Level 0.2 Stealth


You had 3 spell levels left.
You didn't know any spells.
Your spell library was empty.

Dungeon Overview and Level Annotations

Branches:
Dungeon (1/1)

Altars:

Annotations:
D Sigmund


Innate Abilities, Weirdness & Mutations

You are an insubstantial wisp.
Your tiny insubstantial body is highly resistant to most damage types.
You are flying.
Your equipment is entirely melded.
You are incapable of wielding weapons or throwing items.
You cannot cast spells.
((You have a pair of horns on your head.))
((You reflexively headbutt those who attack you in melee.))


Message History

Something hits you!
There is an open door, spattered with blood here.
You're too confused to move!
You hear a zap.
A puff of flame appears from out of thin air!
The puff of flame hits you! Something hits you!
* * * LOW HITPOINT WARNING * * *
You bump into the rock wall.
Something hits you but does no damage.
You bump into the rock wall.
You feel less confused.
You hear some strange, mumbled words.
You are confused.
You are too confused!
You bump into the rock wall.
You hear a zap.
A puff of flame appears from out of thin air!
The puff of flame hits you.
* * * LOW HITPOINT WARNING * * *
You bump into the rock wall.
You hear some strange, mumbled words.
Something tries to affect you, but you resist.
You hear a zap.
A puff of flame appears from out of thin air!
The puff of flame hits you.
* * * LOW HITPOINT WARNING * * *
You are too confused!
You feel better.
You hear some strange, mumbled words.
Something tries to affect you, but you resist.
You feel yourself speed up.
A magic dart appears from out of thin air!
The magic dart hits you.
* * * LOW HITPOINT WARNING * * *
Aiming: Polymorph
Press: ? - help, Shift-Dir - straight line, f - you That beam is likely to hit you.
Continue anyway?
You turn into an insubstantial wisp.
Your +0 falchion melds into your body.
Your +0 leather armour melds into your body.
Something hits you!
You die...

#############
#<.#..').#..+
#..').#..{..#
#..#####'####
#..# #.v#
#..# ####
#..# #⌠⌠#
####


There were no monsters in sight!

Vanquished Creatures
  An ogre (D)
  Ijyb (D)
2 creatures vanquished.

Notes
Turn   | Place    | Note
-------+----------+-------------------------------------------
     0 | D        | boopmooplesden the Minotaur Berserker began the quest for
                  | the Orb.
     0 | D        | Reached XP level 1. HP: 19/19 MP: 0/0
     1 | D        | Noticed Ijyb
     4 | D        | Killed Ijyb
     5 | D        | Reached skill level 5 in Fighting
     5 | D        | Reached skill level 5 in Long Blades
     5 | D        | Reached XP level 2. HP: 30/30 MP: 1/1
   277 | D        | Noticed an ogre
   280 | D        | Killed an ogre
   281 | D        | Reached XP level 3. HP: 40/40 MP: 2/2
   281 | D        | Reached XP level 4. HP: 48/48 MP: 3/3
   431 | D        | Noticed Sigmund
   454 | D        | Slain by Sigmund

Illustrated notes

Levels and vault maps discovered:
D:        dungeon_sprint_1 [red_sonja_temple_1, red_sonja_temple_small_1]

Skill      XL: |  1  2 |
---------------+-------+-----
Fighting       | 5 7 |  7.8
Long Blades    | 5 7 |  7.7
Armour         | 3 4 |  4.4
Dodging        | 3 4 |  4.0
Stealth        | |  0.2

Action                   |  1- 3 |  4- 6 || total
-------------------------+-------+-------++-------
Melee: Falchion          |     3 |     6 ||     9
       Headbutt          |     1 |     1 ||     2
Invok: Berserk           |     2 |     1 ||     3
Evoke: Wand              |       |     1 ||     1
  Use: Potion            |       |     3 ||     3
Armor: Animal skin       |     1 |       ||     1
       Leather armour    |       |     1 ||     1
Dodge: Dodged            |     2 |     2 ||     4
